 Dungeon Crawl Stone Soup version 0.29.1-2-gbd0b4ee654 (webtiles) character file.

Game seed: 4058031641573298119

27 xian the Changer (level 2, -4/20 HPs)
             Began as a Demigod Wanderer on Oct 24, 2022.
             Frozen to death by an endoplasm (5 damage)
             ... on level 1 of the Dungeon.
             The game lasted 00:01:23 (939 turns).

xian the Changer (Demigod Wanderer)                  Turns: 939, Time: 00:01:24

Health: -4/20      AC:  5    Str: 13    XL:     2   Next: 72%
Magic:  1/6        EV: 10    Int: 12    God:
Gold:   9          SH:  0    Dex: 15    Spells: 0/3 levels left

rFire   . . .      SeeInvis .   a - +0 quarterstaff
rCold   . . .      Faith    .   (shield currently unavailable)
rNeg    . . .      Spirit   .   b - +0 ring mail
rPois   .          Reflect  .   (no helmet)
rElec   .          Harm     .   (no cloak)
rCorr   .          Rampage  .   (no gloves)
Will    .....                   (no boots)
Stlth   +.........              (no amulet)
HPRegen 0.06/turn               (no ring)
MPRegen 0.10/turn               (no ring)

@: no status effects
A: high MP 1, forlorn, divine attributes
a: no special abilities


You were on level 1 of the Dungeon.
You visited 1 branch of the dungeon, and saw 1 of its levels.

You collected 9 gold pieces.

Inventory:

Hand Weapons
 a - a +0 quarterstaff (weapon)
Armour
 b - a +0 ring mail (worn)
Potions
 c - a potion of curing
 d - 2 potions of ambrosia {unknown}
 e - a potion of invisibility {unknown}


   Skills:
 + Level 1.3 Staves
 + Level 3.1 Armour
 + Level 0.2 Dodging
 + Level 1.1 Spellcasting
 + Level 3.8 Transmutations
 + Level 0.4 Poison Magic
 + Level 1.0 Evocations


You couldn't memorise any spells.
You knew the following spells:

 Your Spells              Type           Power      Damage    Failure   Level
a - Sting                 Tmut/Pois      20%        1d4       26%         1
b - Passwall              Tmut/Erth      4%         N/A       38%         2

Your spell library contained the following spells:

 Spells                   Type           Power      Damage    Failure   Level
 Ice Form                 Ice/Tmut       5%         N/A       95%         4


Dungeon Overview and Level Annotations

Branches:
Dungeon (1/15)


Innate Abilities, Weirdness & Mutations

You have an increased reservoir of magic. (+10% MP)
You shall have no god before yourself.
Your divine heritage dramatically boosts your attributes as you level up.


Message History

You hit the kobold.
You kill the kobold!
The hobgoblin hits you but does no damage.
An endoplasm comes into view.
You see here a +0 short sword.
Unknown command.
Things that are here:
a +0 club; a gnoll corpse The hobgoblin attacks as you move away!
The hobgoblin hits you.
* * * LOW HITPOINT WARNING * * *
Your magical contamination has completely faded away.
You hit the hobgoblin but do no damage. The hobgoblin closely misses you.
You hit the hobgoblin.
You kill the hobgoblin!
Things that are here:
a +0 club; a gnoll corpse You see here a +0 short sword.
Found a stone staircase leading down.
The endoplasm quivers.
The endoplasm closely misses you. The endoplasm hits you.
* * * LOW HITPOINT WARNING * * *
The endoplasm closely misses you. The endoplasm attacks as you move away!
The endoplasm hits you.
* * * LOW HITPOINT WARNING * * *
You are too injured to fight recklessly!
You are too injured to fight recklessly!
You are too injured to fight recklessly!
You are too injured to fight recklessly!
You are too injured to fight recklessly!
Casting: Sting (safe; 26% risk of failure)
Confirm with . or Enter, or press ? or * to list all spells.
Aiming: Sting (safe; 26% risk of failure)
Press: ? - help, Shift-Dir - straight line, f - endoplasm
Aim: an endoplasm (97% to hit)
The sting hits the endoplasm but does no damage.
The endoplasm is poisoned.
The endoplasm freezes you.
You are frozen.
You die...

####### #.....# ###
#######.....# ..#
##.#.#.#)#.#.##
..######.......)[....#
........#.#.#.#.#.#..+
..#####........J@....#
..#####.#.#.#.#.#.#..#
......#..........).#....
......###.#.#.#.#.##....
......##...........# ..
#.....###.#.#.#.#.#..
##....# .......>......
##+######.# #.#.# ...
.......##### #.. ..


You could see an endoplasm (poisoned).

Vanquished Creatures
  A gnoll (D:1)
  4 ball pythons (D:1)
  3 endoplasms (D:1)
  2 hobgoblins (D:1)
  A bat (D:1)
  2 kobolds (D:1)
  4 rats (D:1)
17 creatures vanquished.

Notes
Turn   | Place    | Note
-------+----------+-------------------------------------------
     0 | D:1      | xian the Demigod Wanderer began the quest for the Orb.
     0 | D:1      | xian set off with the following items: a +0 quarterstaff, a
                  | +0 ring mail, a potion of curing; and the following spell
                  | memorised: Sting; and the following spells available to
                  | memorise: Passwall, Ice Form.
     0 | D:1      | Reached XP level 1. HP: 14/14 MP: 4/4
   482 | D:1      | Reached XP level 2. HP: 9/20 MP: 1/5
   746 | D:1      | Learned a level 2 spell: Passwall
   938 | D:1      | HP: 1/20 [endoplasm (1)]
   939 | D:1      | Frozen to death by an endoplasm

Illustrated notes

Levels and vault maps discovered:
D:1:      onia_arrival_handbag, layout_basic, st_stairs_10

Skill      XL: |  1 |
---------------+----+-----
Armour         | 3 |  3.1
Staves         | |  1.3
Dodging        | |  0.2
Spellcasting   | |  1.1
Transmutations | |  3.8
Poison Magic   | |  0.4
Evocations     | |  1.0

Action                   || total
-------------------------++-------
Melee: Quarterstaff      ||    28
 Cast: Sting             ||    21
Armor: Ring mail         ||    14
Dodge: Dodged            ||    27
